 Seeded DCSS version 0.30.0-5-g1a98f26d00 (webtiles) character file.

Game seed: 3 (custom seed)

11051 Kazon the Basher (level 12, 0/86 HPs)
             Began as a Human Conjurer on May 10, 2023.
             Was a High Priest of Okawaru.
             Slain by Amaemon
             ... wielding a -1 demon whip of venom
              (2 damage)
             ... on level 10 of the Dungeon.
             The game lasted 01:11:10 (9019 turns).

Kazon the Basher (Human Conjurer)                   Turns: 9019, Time: 01:11:11

Health: 0/86       AC:  8    Str: 14    XL:     12   Next: 2%
Magic:  16/20      EV: 16    Int: 20    God:    Okawaru [*****.]
Gold:   624        SH:  8    Dex: 12    Spells: 16/22 levels left

rFire   + . .        q - +2 flail (drain)
rCold   . . .        c - +0 kite shield
rNeg    . . .        u - +1 leather armour {rPois}
rPois   +            x - +0 helmet
rElec   .            (no cloak)
rCorr   .            y - +1 pair of gloves {Str+3}
SInv    .            (no boots)
Will    .....        E - amulet of regeneration
Stlth   ++           m - ring of protection from fire
HPRegen 1.14/turn    C - +5 ring of evasion
MPRegen 0.17/turn

%: no passive effects
@: lethally poisoned (0 -> -1), about to teleport, studying 2 skills
A: no striking features
a: Renounce Religion, Heroism, Finesse, Duel


You were on level 10 of the Dungeon.
You worshipped Okawaru.
Okawaru was extremely pleased with you.
You visited 2 branches of the dungeon, and saw 11 of its levels.
You also visited: Bailey.

You collected 759 gold pieces.
You spent 135 gold pieces at shops.

Inventory:

Hand Weapons
 e - a +0 dagger of protection
 g - a +2 broad axe of draining
 q - a +2 flail of draining (weapon)
 v - a +0 war axe
 Q - a +1 war axe of holy wrath
Missiles
 k - 66 stones (quivered)
 p - 24 poisoned darts
 B - a curare-tipped dart
 M - 3 boomerangs of dispersal
 N - 2 atropa-tipped darts
 P - 30 javelins
Armour
 a - a +0 pair of gloves of dexterity
 c - a +0 kite shield (worn)
 u - a +1 leather armour of poison resistance (worn)
 x - a +0 helmet (worn)
 y - a +1 pair of gloves of strength (worn)
 z - +0 acid dragon scales
 L - a +1 robe of positive energy
 O - a +0 crystal plate armour
Jewellery
 m - a ring of protection from fire (left hand)
 C - a +5 ring of evasion (right hand)
 E - an amulet of regeneration (around neck)
Wands
 t - a wand of flame (42)
 J - a wand of roots (3)
 K - a wand of digging (9)
 R - a wand of mindburst (6)
Scrolls
 d - 3 scrolls of fear {unknown}
 f - 4 scrolls of teleportation
 i - a scroll of noise {unknown}
 j - 3 scrolls of vulnerability {unknown}
 l - a scroll of blinking {unknown}
 o - a scroll of enchant armour {unknown}
 s - 2 scrolls of fog {unknown}
 A - 4 scrolls of enchant weapon
 D - a scroll of immolation {unknown}
 F - a scroll of amnesia {unknown}
 H - a scroll of magic mapping {unknown}
 S - a scroll of identify
Potions
 b - 2 potions of magic
 h - 2 potions of heal wounds
 n - 4 potions of brilliance
 r - 6 potions of curing
 w - a potion of ambrosia
 G - a potion of resistance
 I - 4 potions of lignification
 T - a potion of might {unknown}


   Skills:
 + Level 5.2 Fighting
 + Level 1.4 Short Blades
 + Level 3.5(7.7) Axes
 + Level 10.7(10.9) Maces & Flails
 + Level 0.9 Throwing
 + Level 4.7 Armour
 + Level 5.7 Dodging
 + Level 4.1 Stealth
 * Level 2.6 Shields
 + Level 5.9 Spellcasting
 + Level 5.7 Conjurations
 + Level 2.6 Transmutations
 * Level 6.0 Invocations
 * Level 7.3 Evocations


You had 16 spell levels left.
You knew the following spells:

 Your Spells              Type           Power      Damage    Failure   Level
a - Magic Dart            Conj           100%       1d8       4%          1
b - Searing Ray           Conj           58%        2d6       6%          2
c - Beastly Appendage     Tmut           32%        N/A       16%         1
d - Wereblood             Tmut           16%        N/A       22%         2

Your spell library contained the following spells:

 Spells                   Type           Power      Damage    Failure   Level
 Dazzling Flash           Conj/Hex       34%        N/A       38%         3
 Stone Arrow              Conj/Erth      34%        3d9       38%         3
 Spider Form              Tmut/Pois      11%        N/A       61%         3
 Gell's Gravitas          Tloc           5%         N/A       80%         3
 Teleport Other           Tloc           5%         N/A       80%         3
 Fulminant Prism          Conj/Hex       8%         3d6       80%         4
 Iskenderun's Mystic Bla  Conj/Tloc      17%        2d5       80%         4
 Anguish                  Hex/Necr       2%         N/A       99%         4
 Cause Fear               Hex            2%         N/A       99%         4
 Dispersal                Tloc           2%         N/A       100%        6
 Enfeeble                 Hex            2%         N/A       100%        7
 Lehudib's Crystal Spear  Conj/Erth      8%         10d4      100%        8
 Animate Armour           Summ/Erth      Unusable   N/A       N/A         4

Dungeon Overview and Level Annotations

Branches:
Dungeon (10/15)            Temple (1/1) D:6          Bailey (visited)
   Lair: D:8-11         Orc: D:9-12

Altars:
Ashenzari
Cheibriados
Dithmenos
Elyvilon
Fedhas
Gozag
Hepliaklqana
Kikubaaqudgha
Makhleb
Nemelex Xobeh
Okawaru
Qazlal
Ru
Sif Muna
Trog
Uskayaw
Vehumet
Wu Jian
Xom
Yredelemnul
Zin
The Shining One

Shops:
D:3 [

Annotations:
D:4 1 runed translucent door, Crazy Yiuf
D:9 exclusion: orange crystal statue
D:10 Amaemon


Message History

The searing ray hits the scorpion!
The scorpion is severely wounded.
The searing ray misses the kobold.
You finish channelling your searing ray.
You feel sick. Something hits you! Something claws you!
Something tail-slaps you. The scorpion stings you.
* * * LOW HITPOINT WARNING * * *
You sock something!
You feel sick.
The scorpion stings you but does no damage.
You hear some strange, mumbled words.
The scorpion seems to grow toxic.
You hear a screech!
You closely miss something.
You feel sick. The scorpion misses you. Something hits you.
* * * LOW HITPOINT WARNING * * *
Something barely misses you. You block something's attack.
The scorpion barely misses you.
You closely miss something.
You feel sick. Something hits you.
* * * LOW HITPOINT WARNING * * *
You are more poisoned.
You block something's attack. Something barely misses you.
The scorpion stings you but does no damage.
You sock something!
You feel very sick.
An orange demon comes into view.
Something barely misses you. Something claws you but does no damage.
Something tail-slaps you.
* * * LOW HITPOINT WARNING * * *
The scorpion closely misses you.
As you read the scroll labelled DOT XOROCAEMOI, it crumbles to dust.
You feel strangely unstable.
It was a scroll of teleportation.
You feel sick.
You hear some strange, mumbled words.
The scorpion stings you but does no damage.
You sock something!
You feel sick. The scorpion closely misses you. Something barely misses you.
Something claws you.
* * * LOW HITPOINT WARNING * * *
Something tail-slaps you.
* * * LOW HITPOINT WARNING * * *
You block the scorpion's attack. Something hits you.
You die...

####################
#.K4s{@s..#........#
#..######.#........#
#..# #.#........#
..... #.#####.####
###.K# #.# #.# .?.#
#.#####.#######
...K.
#..............
##..#
##....#.#######
+.............


You could see an orange demon, 2 scorpions and a kobold.

Vanquished Creatures
  2 two-headed ogres
  Pikel (D:7)
  Maggie (D:7)
  A queen bee (D:9)
  2 hornets (D:9)
  A wyvern (D:8)
  11 yaks
  A steam dragon (D:6)
  Edmund (D:6)
  Duvessa (D:7)
  3 water moccasins
  17 orc warriors
  An ice beast (D:7)
  3 black bears
  4 ogres
  14 centaurs
  A phantom (D:5)
  3 kobold brigands
  4 bullfrogs
  A gnoll sergeant (D:7)
  A scorpion (D:4)
  Dowan (D:7)
  13 killer bees (D:9)
  5 howler monkeys
  4 jellies
  10 orc priests
  5 hounds
  5 iguanas
  A sleepcap (D:7)
  9 orc wizards
  A mummy (D:8)
  10 gnolls
  7 adders
  3 white imps
  2 ufetubi
  A worm (D:2)
  2 dart slugs
  39 orcs
  6 endoplasms
  5 giant cockroaches
  14 goblins
  8 hobgoblins
  5 jackals
  8 kobolds
  3 quokkas
  4 ball pythons
  4 bats
  6 frilled lizards
  A hobgoblin zombie (D:8)
  2 kobold zombies (D:8)
  An orc zombie (D:8)
  4 rats
263 creatures vanquished.

Vanquished Creatures (others)
  A centaur (Bailey)
  2 orcs (Bailey)
3 creatures vanquished.

Grand Total: 266 creatures vanquished

Notes
Turn   | Place    | Note
-------+----------+-------------------------------------------
     0 | D:1      | Kazon the Human Conjurer began the quest for the Orb.
     0 | D:1      | Reached XP level 1. HP: 13/13 MP: 3/3
   102 | D:1      | Reached XP level 2. HP: 19/19 MP: 0/5
   209 | D:1      | Learned a level 2 spell: Searing Ray
   211 | D:1      | Learned a level 1 spell: Beastly Appendage
   390 | D:1      | Reached XP level 3. HP: 24/24 MP: 2/6
   393 | D:1      | Learned a level 2 spell: Wereblood
   402 | D:1      | Found a faded altar of an unknown god.
   932 | D:2      | Reached skill level 1 in Axes
  1206 | D:2      | Reached XP level 4. HP: 16/31 MP: 5/7
  1793 | D:3      | Found Ydegiw's Antique Armour Boutique.
  1805 | D:3      | Bought a pair of runed gloves for 135 gold pieces
  2534 | D:4      | Noticed a kobold brigand
  2614 | D:3      | Reached XP level 5. HP: 17/36 MP: 8/8
  2704 | D:4      | Found a sparkling altar of Nemelex Xobeh.
  2740 | D:4      | Reached skill level 1 in Evocations
  2856 | D:4      | Reached skill level 1 in Fighting
  2856 | D:4      | Reached skill level 1 in Armour
  2856 | D:4      | Reached XP level 6. HP: 35/43 MP: 6/10
  3014 | D:4      | Found a runed translucent door.
  3015 | D:4      | Noticed Crazy Yiuf
  3151 | D:4      | HP: 2/43 [kobold brigand/+0 whip (3)]
  3256 | D:5      | Entered Level 5 of the Dungeon
  3260 | D:5      | Noticed a black bear
  3267 | D:5      | Killed a black bear
  3268 | D:5      | Reached XP level 7. HP: 48/48 MP: 6/11
  3332 | D:5      | Reached skill level 1 in Transmutations
  3511 | D:5      | Reached skill level 1 in Maces & Flails
  3727 | D:5      | Reached XP level 8. HP: 26/56 MP: 8/12
  3778 | D:5      | Reached skill level 2 in Maces & Flails
  3780 | D:5      | Noticed a two-headed ogre
  3788 | D:5      | Killed a two-headed ogre
  3789 | D:5      | Reached skill level 3 in Maces & Flails
  3789 | D:5      | Reached XP level 9. HP: 38/62 MP: 8/14
  4033 | D:5      | Reached skill level 4 in Maces & Flails
  4179 | D:6      | Reached skill level 5 in Maces & Flails
  4346 | D:6      | Found a staircase to the Ecumenical Temple.
  4360 | D:6      | Reached skill level 6 in Maces & Flails
  4363 | Temple   | Entered the Ecumenical Temple
  4382 | Temple   | Became a worshipper of Warmaster Okawaru
  4481 | D:6      | Noticed Edmund
  4521 | D:6      | Killed Edmund
  4531 | D:6      | Noticed a +0 hand axe
  4532 | D:6      | Found a hide-covered altar of Uskayaw.
  4532 | D:6      | Noticed a +0 hand axe
  4585 | D:6      | Reached skill level 5 in Conjurations
  4661 | D:6      | Reached skill level 1 in Invocations
  4848 | D:6      | Reached skill level 7 in Maces & Flails
  4848 | D:6      | Reached skill level 5 in Evocations
  4864 | D:6      | Reached * piety under Okawaru
  5178 | D:7      | Noticed Duvessa
  5208 | D:7      | Noticed Dowan
  5215 | D:7      | Reached XP level 10. HP: 53/70 MP: 16/16
  5223 | D:7      | Killed Duvessa
  5229 | D:7      | Killed Dowan
  5329 | D:7      | Reached skill level 8 in Maces & Flails
  5358 | D:7      | Noticed Pikel
  5376 | D:7      | Killed Pikel
  5376 | D:7      | Reached ** piety under Okawaru
  5377 | D:7      | Reached skill level 1 in Short Blades
  5566 | D:7      | Found a stormy altar of Qazlal.
  5723 | D:7      | Noticed Maggie
  6071 | D:7      | Killed Maggie
  6141 | D:8      | Reached skill level 9 in Maces & Flails
  6183 | D:8      | Reached *** piety under Okawaru
  6341 | D:8      | Reached XP level 11. HP: 64/78 MP: 2/18
  6368 | D:8      | Reached skill level 5 in Dodging
  6382 | D:8      | Found a shadowy altar of Dithmenos.
  6424 | D:8      | Found a flagged portal.
  6438 | Bailey   | Entered a bailey
  6677 | Bailey   | Reached skill level 10 in Maces & Flails
  6680 | Bailey   | Reached skill level 5 in Spellcasting
  6796 | Bailey   | Reached **** piety under Okawaru
  6835 | Bailey   | Reached skill level 5 in Invocations
  7167 | Bailey   | Reached skill level 5 in Fighting
  8003 | D:8      | Noticed a two-headed ogre
  8020 | D:8      | Killed a two-headed ogre
  8020 | D:8      | Reached ***** piety under Okawaru
  8021 | D:8      | Reached skill level 1 in Shields
  8256 | D:9      | Noticed an orange crystal statue
  8304 | D:9      | Found a shimmering altar of Xom.
  8308 | D:9      | Found a basalt altar of Yredelemnul.
  8798 | D:9      | Found an opulent altar of Gozag.
  8856 | D:9      | Reached XP level 12. HP: 52/86 MP: 11/20
  8935 | D:10     | Entered Level 10 of the Dungeon
  8996 | D:10     | Noticed Amaemon
  9019 | D:10     | HP: 2/86 [something (3)]
  9019 | D:10     | Slain by Amaemon

Illustrated notes

Levels and vault maps discovered:
D:1:      beargit_arrival_greenhouse, layout_loops_ring,
          nicolae_ecumenical_lake_church, grunt_decor_mini_mirrors
D:2:      layout_basic
D:3:      layout_basic, serial_shops, shop
D:4:      layout_rooms, nemelex_xobeh_ov_fountains_minmay,
          uniq_crazy_yiuf_cottage
D:5:      layout_basic, minmay_manual_mandibuliform
D:6:      layout_cave_pods, dancing_weapons_uskayaw,
          minmay_temple_entry_statues_pillars, grunt_ministairs_7, uniq_edmund
D:7:      minmay_spotlight, layout_basic, mainiacjoe_overflow_24_doors,
          minmay_misc_feat_more_columns, st_stairs_12, uniq_duvessa,
          uniq_maggie, uniq_pikel
D:8:      layout_layer_cave, grunt_dithmenos_smoke_and_mirrors, enter_bailey_5,
          minmay_mini_ossuary
D:9:      layout_rooms, lemuel_tele_altar, mainiacjoe_overflow_catch_the_wave,
          minivault_16, nicolae_looking_at_the_future
D:10:     layout_basic, hiddenorc2_lemuel, uniq_amaemon
Temple:   hellmonk_temple_two_chambers

Skill      XL: |  1  2  3  4  5  6  7  8  9 10 11 |
---------------+----------------------------------+-----
Axes           | 1 2 3 |  3.5
Evocations     | 1 2 3 4 5 6 7 |  7.3
Fighting       | 1 2 3 4 5 |  5.2
Armour         | 1 2 3 4 |  4.7
Spellcasting   | 3 4 5 |  5.9
Transmutations | 1 2 |  2.6
Maces & Flails | 1 3 7 9 10 | 10.7
Dodging        | 3 4 5 |  5.7
Stealth        | 3 4 |  4.1
Conjurations   | 5 |  5.7
Invocations    | 2 4 6 |  6.0
Short Blades   | 1 |  1.4
Shields        | 2 |  2.6
Throwing       | |  0.9

Action                     |  1- 3 |  4- 6 |  7- 9 | 10-12 || total
---------------------------+-------+-------+-------+-------++-------
  Melee: War axe           |    65 |    68 |       |       ||   133
         Punch             |     1 |     1 |     1 |     6 ||     9
         Kick              |       |     5 |    19 |    45 ||    69
         Headbutt          |       |     5 |    15 |    25 ||    45
         Flail             |       |    27 |   141 |   427 ||   595
  Throw: Dart              |       |       |       |    17 ||    17
         Stone             |       |       |       |     6 ||     6
   Cast: Magic Dart        |    23 |    40 |    55 |   133 ||   251
         Searing Ray       |     2 |     2 |     4 |    18 ||    26
         Beastly Appendage |     4 |     8 |    13 |    18 ||    43
 Invoke: Heroism           |       |       |       |     4 ||     4
  Evoke: Wand              |       |     1 |       |    39 ||    40
    Use: Potion            |       |     1 |     3 |       ||     4
         Scroll            |       |       |       |     6 ||     6
   Stab: Sleeping          |     6 |     4 |     3 |     4 ||    17
         Distracted        |       |       |     1 |       ||     1
 Armour: Robe              |     8 |    11 |       |       ||    19
         Leather armour    |       |    31 |    23 |    86 ||   140
  Dodge: Dodged            |    40 |    72 |   133 |   493 ||   738
  Block: Kite shield       |       |       |       |    56 ||    56
